 Dungeon Crawl Stone Soup version 0.30-a0-50-gb2d611f6b1 (webtiles) character file.

Game seed: 712173297248230738

85 jlumianski the Chopper (level 4, 0/34 HPs)
             Began as a Demonspawn Gladiator on Sept 4, 2022.
             Succumbed to an adder's poison
             ... on level 3 of the Dungeon.
             The game lasted 00:07:15 (2234 turns).

jlumianski the Chopper (Demonspawn Gladiator)       Turns: 2234, Time: 00:07:15

Health: 0/34       AC:  5    Str: 16    XL:     4   Next: 25%
Magic:  4/4        EV: 12    Int: 10    God:
Gold:   241        SH:  0    Dex: 14    Spells: 3/3 levels left

rFire   + . .      SeeInvis .    a - +0 war axe
rCold   . . .      Faith    .    (no shield)
rNeg    . . .      Spirit   .    b - +0 leather armour
rPois   .          Reflect  .    c - +0 helmet
rElec   .          Harm     .    (no cloak)
rCorr   .          Rampage  .    (no gloves)
Will    +....                    l - +0 pair of boots
Stlth   +.........               (no amulet)
HPRegen 0.11/turn                m - ring of protection from fire
MPRegen 0.09/turn                p - ring of willpower

@: lethally poisoned (0 -> -1)
A: powered by death 1
a: no special abilities


You were on level 3 of the Dungeon.
You visited 1 branch of the dungeon, and saw 4 of its levels.

You collected 241 gold pieces.

Inventory:

Hand Weapons
 a - a +0 war axe (weapon)
Missiles
 d - 3 throwing nets (quivered)
 g - 41 stones
 o - 7 poisoned darts
Armour
 b - a +0 leather armour (worn)
 c - a +0 helmet (worn)
 l - a +0 pair of boots (worn)
Jewellery
 j - a +6 ring of intelligence
 m - a ring of protection from fire (left hand)
 p - a ring of willpower (right hand)
Scrolls
 f - a scroll of amnesia
 k - a scroll of poison
 n - 2 scrolls of butterflies
 q - a scroll of enchant weapon {unknown}
Potions
 h - a potion of flight
 i - a potion of curing
 r - a potion of lignification
 s - a potion of heal wounds {unknown}


   Skills:
 + Level 2.4 Fighting
 + Level 3.7 Axes
 + Level 1.9 Throwing
 + Level 0.6 Armour
 + Level 3.2 Dodging
 + Level 0.6 Stealth


You had 3 spell levels left.
You didn't know any spells.
Your spell library contained the following spells:

 Spells                   Type           Power      Damage    Failure   Level
 Ensorcelled Hibernation  Hex/Ice        0%         N/A       56%         2
 Spider Form              Tmut/Pois      0%         N/A       80%         3
 Anguish                  Hex/Necr       0%         N/A       99%         4


Dungeon Overview and Level Annotations

Branches:
Dungeon (4/15)
 Temple: D:4-7

Altars:


Innate Abilities, Weirdness & Mutations

You regenerate a little health from kills.


Message History

The gnoll is moderately wounded.
The javelin pierces through the gnoll.
The gnoll is severely wounded.
The adder barely misses you.
The gnoll hits you from afar with a +0 spear.
The adder barely misses you.
You barely miss the adder.
The adder is heavily wounded.
The adder closely misses you. The gnoll closely misses you.
The adder bites you but does no damage. The gnoll closely misses you.
You barely miss the adder.
The adder is heavily wounded.
The adder misses you.
The gnoll hits you from afar with a +0 spear.
The adder bites you.
You are poisoned.
The adder poisons you!
You slash the adder!
You kill the adder!
You feel sick.
The gnoll hits you from afar with a +0 spear.
You feel sick. The gnoll barely misses you.
The gnoll hits you from afar with a +0 halberd!
* * * LOW HITPOINT WARNING * * *
Things that are here:
a +0 flail; an adder corpse; a gnoll corpse You hit the gnoll.
The gnoll is heavily wounded.
You feel sick. The gnoll barely misses you.
The gnoll hits you but does no damage. The gnoll hits you with a +0 spear.
* * * LOW HITPOINT WARNING * * *
The gnoll misses you.
You barely miss the gnoll.
The gnoll is heavily wounded.
* * * LOW HITPOINT WARNING * * *
You feel sick. The gnoll closely misses you.
The gnoll hits you but does no damage.
You hit the gnoll.
The gnoll is almost dead.
You die...

##.#.# #. #.
###.# # .. #.#
# #.#
#.#####.####..#
#.............#
#######.#####.#
#.# #@# #g# #g#
#.# #.# #(. ###


You could see 2 gnolls.

Vanquished Creatures
  A gnoll (D:3)
  2 adders
  2 dart slugs
  2 orcs (D:3)
  5 ball pythons
  4 bats
  4 endoplasms
  3 giant cockroaches
  4 goblins
  6 hobgoblins
  2 jackals (D:1)
  2 quokkas (D:2)
  3 frilled lizards
  4 kobolds
  3 rats
47 creatures vanquished.

Notes
Turn   | Place    | Note
-------+----------+-------------------------------------------
     0 | D:1      | jlumianski the Demonspawn Gladiator began the quest for the
                  | Orb.
     0 | D:1      | Reached XP level 1. HP: 16/16 MP: 1/1
   197 | D:1      | Found a faded altar of an unknown god.
   259 | D:1      | Gained mutation: You regenerate a little health from kills.
                  | [demonic ancestry]
   259 | D:1      | Reached XP level 2. HP: 15/22 MP: 2/2
  1006 | D:2      | Reached XP level 3. HP: 26/27 MP: 3/3
  2225 | D:3      | Reached XP level 4. HP: 34/34 MP: 4/4
  2233 | D:3      | HP: 1/34 [poisoned by an adder]
  2234 | D:3      | Succumbed to an adder's poison

Illustrated notes

Levels and vault maps discovered:
D:1:      zelgadis_glass_arrival_small, layout_basic,
          ebering_ecumenical_altar_abandoned, minmay_tromino_mix6
D:2:      layout_loops_ring
D:3:      layout_loops_ring, minmay_misc_feat_secret_circle
D:4:      layout_basic, grunt_ministairs_1

Skill      XL: |  1  2 |
---------------+-------+-----
Dodging        | 3 |  3.2
Axes           | 3 |  3.7
Fighting       | |  2.4
Throwing       | |  1.9
Armour         | |  0.6
Stealth        | |  0.6

Action                   |  1- 3 |  4- 6 || total
-------------------------+-------+-------++-------
Melee: War axe           |   146 |     6 ||   152
Throw: Javelin           |     1 |     3 ||     4
  Use: Scroll            |     5 |       ||     5
       Potion            |     1 |       ||     1
 Stab: Sleeping          |     1 |       ||     1
Armor: Leather armour    |    48 |     4 ||    52
Dodge: Dodged            |   123 |    14 ||   137

Table legend: (Time is in decaauts)
 A = Elapsed time spent in this place.
 B = Non-inter-level travel time spent in this place.
 C = Inter-level travel time spent in this place.
 D = Time resting spent in this place.
 E = Time spent auto-exploring this place.
 F = Levels seen in this place.
 G = Mean time per level.
                   A        B        C        D        E       F      G
               +--------+--------+--------+--------+--------+-----+--------+
         Total |   2285 |   2257 |     28 |      0 |   1377 |   4 |  571.2 |
       Dungeon |   2285 |   2257 |     28 |      0 |   1377 |   4 |  571.2 |
               +--------+--------+--------+--------+--------+-----+--------+

Top non-repeatable levels by time:
     D:2: 877 daAuts
     D:1: 792 daAuts
     D:3: 508 daAuts
     D:4: 106 daAuts
